 Dungeon Crawl Stone Soup version 0.24.0-13-gcf9b3192b9 (console) character file.

Game seed: 9473777748216002789, levelgen mode: deterministic

182 AlterAsc the Insei (level 5, -23/32 HPs)
             Began as a Tengu Transmuter on Nov 5, 2019.
             Was an Initiate of Okawaru.
             Annihilated by a two-headed ogre
             ... wielding a +0 giant club
              (25 damage)
             ... on level 3 of the Dungeon.
             The game lasted 00:07:36 (2272 turns).

AlterAsc the Insei (Tengu Transmuter)               Turns: 2272, Time: 00:07:37

Health: -23/32     AC:  5    Str: 12    XL:     5   Next: 61%
Magic:  9/9        EV: 13    Int: 13    God:    Okawaru [......]
Gold:   234        SH:  5    Dex: 14    Spells: 7/8 levels left

rFire    . . .     SeeInvis .     - Unarmed
rCold    . . .     Gourm    .   c - +2 buckler
rNeg     . . .     Faith    .   i - +0 leather armour
rPois    .         Spirit   .   (helmet restricted)
rElec    .         Reflect  .   p - +0 cloak
rCorr    .         Harm     .   n - +0 pair of gloves
MR       .....                  (boots unavailable)
Stlth    +.........             (no amulet)
HPRegen  0.10/turn              (no ring)
MPRegen  0.11/turn              (no ring)

@: flying quickly and evasively, heavily drained, quick
A: beak, talons 3, able to fly
a: Stop Flying, Renounce Religion


You were on level 3 of the Dungeon.
You worshipped Okawaru.
Okawaru was noncommittal.
You were not hungry.

You visited 1 branch of the dungeon, and saw 4 of its levels.

You collected 234 gold pieces.

Inventory:

Hand Weapons
 s - the +7 war axe "Myutaqel" {freeze, -Tele rPois Str+6}
   (You found it on level 4 of the Dungeon)

   It has been specially enchanted to freeze those struck by it, causing extra
   injury to most foes and up to half again as much damage against particularly
   susceptible opponents.
   It can also slow down cold-blooded creatures.
   It affects your strength (+6).
   It protects you from poison.
   It prevents most forms of teleportation.
Missiles
 a - 44 arrows
Armour
 b - a +0 robe
 c - a +2 buckler (worn)
 i - a +0 leather armour (worn)
 n - a +0 pair of gloves (worn)
 p - a +0 cloak (worn)
Scrolls
 e - 3 scrolls of teleportation {unknown}
 f - a scroll of random uselessness {unknown}
 g - 4 scrolls of identify {unknown}
 l - 3 scrolls of amnesia {unknown}
 m - a scroll of enchant armour {unknown}
 o - a scroll of remove curse {unknown}
 r - a scroll of fog {unknown}
Potions
 h - 2 potions of heal wounds
 j - a potion of flight {unknown}
 k - a potion of haste {unknown}
Comestibles
 d - 3 rations
 q - 12 chunks of flesh


   Skills:
 * Level 3.2(2.0) Fighting
 + Level 1.4(0.3) Armour
 + Level 3.2(2.0) Dodging
 * Level 4.8(3.6) Unarmed Combat
 - Level 2.0(0.8) Spellcasting
 - Level 1.5(0.4) Transmutations


You had 7 spell levels left.
You knew the following spells:

 Your Spells              Type           Power        Failure   Level  Hunger
a - Beastly Appendage     Tmut           #.....       45%         1    ##.....

Your spell library contained the following spells:

 Spells                   Type           Power        Failure   Level  Hunger
 Sticks to Snakes         Tmut           #.......     61%         2    ###....
 Spider Form              Tmut/Pois      #.........   86%         3    ####...
 Ice Form                 Ice/Tmut       #.......     99%         4    #####..
 Blade Hands              Tmut           #.........   100%        5    ######.


Dungeon Overview and Level Annotations

Branches:
Dungeon (4/15)
 Temple: D:4-7

Altars:
Ashenzari
Cheibriados
Fedhas
Nemelex Xobeh
Okawaru
Ru
Sif Muna


Innate Abilities, Weirdness & Mutations

You have a beak for a mouth.
You have claws for feet.
You can fly continuously.


Message History

The puff of flame hits you.
* * * LOW HITPOINT WARNING * * *
You feel much better.
The orc wizard miscasts a cantrip.
The orc wizard hits you but does no damage.
The orc wizard gestures at you while chanting.
The puff of flame hits you.
The orc wizard mumbles some strange words.
The orc wizard flickers and vanishes!
There is a stone staircase leading up here.
A puff of flame appears from out of thin air!
The puff of flame hits something.
You fly upwards.
Reactivating autopickup.
The two-headed ogre hits you with a +0 giant club!!
Ouch! That really hurt!
* * * LOW HITPOINT WARNING * * *
The two-headed ogre hits you with a +0 giant spiked club!!
Ouch! That really hurt!
You die...

#.......# #.# #.############
#.#####.# #.# # #.# #....... #.#
#.# #.#.###.#####.#####. #.#
#.######.#.#.........# #. #.#
#..........#.#'###########.
#.############.###.............#.
.................#.....#######.#.
#..<<...#......#.#...............
#.......+......#@#......######.#.
#.#.รท####......#O#.............#.
#.#...#.................########.
#.##..#.########.#......# #.
#.##..# #[###############. #.#...#
#................. #.#####
#..############... #.. .O......#
#### ... ...####.#


You could see a two-headed ogre.

Vanquished Creatures
  An orc wizard (D:4)
  7 adders
  2 worms
  3 dart slugs
  A leopard gecko (D:2)
  An orc (D:4)
  A ball python (D:2)
  9 bats
  4 giant cockroaches
  3 goblins
  8 hobgoblins
  13 jackals
  6 kobolds
  A quokka (D:3)
  6 frilled lizards
  6 rats
72 creatures vanquished.

Notes
Turn   | Place    | Note
-------+----------+-------------------------------------------
     0 | D:1      | AlterAsc the Tengu Transmuter began the quest for the Orb.
     0 | D:1      | Reached XP level 1. HP: 12/12 MP: 4/4
   148 | D:1      | Reached XP level 2. HP: 15/16 MP: 4/6
   551 | D:2      | Reached XP level 3. HP: 8/21 MP: 7/7
   830 | D:2      | Reached skill level 4 in Unarmed Combat
  1089 | D:2      | Reached XP level 4. HP: 18/27 MP: 8/8
  1225 | D:2      | Found an iron altar of Okawaru.
  1230 | D:2      | Became a worshipper of Warmaster Okawaru
  1422 | D:2      | Reached skill level 1 in Armour
  1599 | D:2      | Gained mutation: You can fly continuously. [Tengu growth]
  1599 | D:2      | Reached XP level 5. HP: 29/32 MP: 7/9
  1787 | D:3      | Noticed a two-headed ogre
  1809 | D:4      | Found a sparkling altar of Nemelex Xobeh.
  2107 | D:4      | Found a sacrificial altar of Ru.
  2180 | D:4      | Found a shattered altar of Ashenzari.
  2183 | D:4      | Found a shimmering blue altar of Sif Muna.
  2187 | D:4      | Found a blossoming altar of Fedhas.
  2194 | D:4      | Found a snail-covered altar of Cheibriados.
  2221 | D:4      | Got a fine war axe
  2222 | D:4      | Identified the +7 war axe "Myutaqel" {freeze, -Tele rPois
                  | Str+6} (You found it on level 4 of the Dungeon)
  2272 | D:3      | Annihilated by a two-headed ogre

Levels and vault maps discovered:
D:1:      wander_arrival_lonely_grave, layout_loops_ring
D:2:      layout_loops_cross, okawaru_gym_becter, minmay_three_crescents
D:3:      layout_basic, uniq_terence, uniq_crazy_yiuf_cottage
D:4:      layout_loops_ring, nicolae_overflow_crystal_walls,
          nicolae_ru_awakened_eye, lemuel_zombie_altar_kikubaaqudgha, minitemple

Skill      XL: |  1  2  3  4  5 |
---------------+----------------+-----
Fighting       | 2 3 |  3.2
Unarmed Combat | 4 |  4.8
Armour         | 1 |  1.4
Dodging        | 3 |  3.2
Spellcasting   | |  2.0
Transmutations | |  1.5

Action                   |  1- 3 |  4- 6 || total
-------------------------+-------+-------++-------
Melee: Unarmed           |    70 |   133 ||   203
       Kick              |    12 |    24 ||    36
       Peck              |     8 |    18 ||    26
       Headbutt          |     1 |     7 ||     8
 Cast: Beastly Appendage |    15 |    13 ||    28
 Abil: Fly               |       |     1 ||     1
  Use: Potion            |       |     2 ||     2
 Stab: Sleeping          |     1 |       ||     1
  Eat: Chunk             |     1 |     4 ||     5
Armor: Robe              |     1 |       ||     1
       Leather armour    |    14 |    28 ||    42
Dodge: Dodged            |    47 |    71 ||   118
Block: Buckler           |    11 |    35 ||    46
